 Dungeon Crawl Stone Soup version 0.25.1-4-g9407a263a5 (webtiles) character file.

Game seed: 12682497565487481781

42 Doot the Insei (level 3, -1/26 HPs)
             Began as a Demonspawn Transmuter on Nov 25, 2020.
             Succumbed to an adder's poison
             ... on level 4 of the Dungeon.
             The game lasted 00:01:29 (685 turns).

Doot the Insei (Demonspawn Transmuter)               Turns: 685, Time: 00:01:30

Health: -1/26      AC:  4    Str: 11    XL:     3   Next: 33%
Magic:  4/7        EV: 12    Int: 14    God:
Gold:   9          SH:  0    Dex: 13    Spells: 1/7 levels left

rFire    . . .     SeeInvis .     - Unarmed
rCold    . . .     Gourm    .   (no shield)
rNeg     . . .     Faith    .   b - +0 robe
rPois    .         Spirit   .   (no helmet)
rElec    .         Reflect  .   (no cloak)
rCorr    .         Harm     .   (no gloves)
MR       .....                  (no boots)
Stlth    +.........             (no amulet)
HPRegen  0.08/turn              (no ring)
MPRegen  0.10/turn              (no ring)

@: mighty, lethally poisoned (-1 -> -20)
A: molten scales 1
a: no special abilities


You were on level 4 of the Dungeon.
You were not hungry.

You visited 1 branch of the dungeon, and saw 4 of its levels.

You collected 9 gold pieces.

Inventory:

Missiles
 a - 10 arrows
Armour
 b - a +0 robe (worn)
Jewellery
 h - an uncursed ring of fire
Scrolls
 e - a scroll of remove curse {unknown}
 f - 2 scrolls of identify {unknown}
Comestibles
 c - 3 chunks of flesh
 d - 3 rations


   Skills:
 + Level 1.0 Fighting
 + Level 2.0 Dodging
 + Level 3.1 Unarmed Combat
 + Level 2.7 Spellcasting
 + Level 2.1 Transmutations


You had one spell level left.
You knew the following spells:

 Your Spells              Type           Power        Failure   Level  Hunger
a - Beastly Appendage     Tmut           #.....       9%          1    #......
b - Sticks to Snakes      Tmut           #.......     14%         2    ###....
c - Spider Form           Tmut/Pois      #.........   38%         3    ###....

Your spell library contained the following spells:

 Spells                   Type           Power        Failure   Level  Hunger
 Ice Form                 Ice/Tmut       #.......     80%         4    #####..
 Blade Hands              Tmut           #.........   94%         5    ######.


Dungeon Overview and Level Annotations

Branches:
Dungeon (4/15)
 Temple: D:4-7

Altars:


Innate Abilities, Weirdness & Mutations

You are partially covered in molten scales. (AC +2)


Message History

The adder is severely wounded.
You feel sick.
You kill the adder!
The scorpion barely misses you.
You barely miss the scorpion.
Your transformation has ended.
Your +0 robe unmelds from your body.
You feel sick. The scorpion stings you!
* * * LOW HITPOINT WARNING * * *
Unknown command.
Unknown command.
Unknown command.
It was a potion of might.
You feel very mighty all of a sudden.
* * * LOW HITPOINT WARNING * * *
You feel sick. The scorpion stings you.
* * * LOW HITPOINT WARNING * * *
* * * LOW HITPOINT WARNING * * *
You feel sick.
You see here an adder corpse.
You die...

##### .> ..
#...# .##.. ...#
#..... ##..#
......
##...##.....
#...........
#..@..##
#.#†...#
##..#..s##......
........# .....
........[# ....
........... ...
.##.......... ..
#.............
##...........


You could see a scorpion.

Vanquished Creatures
  3 adders
  A dart slug (D:1)
  An orc (D:4)
  3 giant cockroaches
  2 goblins (D:3)
  2 rats
12 creatures vanquished.

Vanquished Creatures (collateral kills)
  A worm (D:3)
1 creature vanquished.

Grand Total: 13 creatures vanquished

Notes
Turn   | Place    | Note
-------+----------+-------------------------------------------
     0 | D:1      | Doot the Demonspawn Transmuter began the quest for the Orb.
     0 | D:1      | Reached XP level 1. HP: 15/15 MP: 3/3
    75 | D:2      | Reached skill level 3 in Unarmed Combat
    75 | D:2      | Gained mutation: You are partially covered in molten
                  | scales. (AC +2) [demonic ancestry]
    75 | D:2      | Reached XP level 2. HP: 21/21 MP: 3/5
    96 | D:2      | Learned a level 2 spell: Sticks to Snakes
   571 | D:3      | Reached XP level 3. HP: 25/26 MP: 2/6
   642 | D:3      | Learned a level 3 spell: Spider Form
   674 | D:4      | Noticed a scorpion
   684 | D:4      | HP: 1/26 [poisoned by an adder]
   685 | D:4      | Succumbed to an adder's poison

Illustrated notes

Levels and vault maps discovered:
D:1:      lightli_arrival_statue_moat, layout_loops_ring
D:2:      layout_basic, serial_undead, serial_undead_e, serial_undead_b,
          serial_undead_f, serial_undead_c, serial_undead_a, serial_undead_f
D:3:      layout_basic
D:4:      layout_cave_pools, uniq_pikel

Skill      XL: |  1  2 |
---------------+-------+-----
Transmutations | 2 |  2.1
Unarmed Combat | 3 |  3.1
Dodging        | 2 |  2.0
Fighting       | |  1.0
Spellcasting   | |  2.7

Action                   || total
-------------------------++-------
Melee: Unarmed           ||    44
       Kick              ||     3
       Headbutt          ||     6
 Cast: Beastly Appendage ||     9
       Sticks to Snakes  ||     2
       Spider Form       ||     1
  Use: Potion            ||     1
Armor: Robe              ||     3
Dodge: Dodged            ||    37
